 Dungeon Crawl Stone Soup version 0.30-a0-172-gc5509c9e31 (webtiles) character file.

Game seed: 5195648848508240272

12653 drugrobin the Carver (level 11, -5/94 HPs)
             Began as a Demigod Delver on Oct 1, 2022.
             Slain by Urug
             ... wielding a +5 vorpal great mace
              (10 damage)
             ... on level 1 of the Orcish Mines on Oct 2, 2022.
             The game lasted 00:45:35 (15388 turns).

drugrobin the Carver (Demigod Delver)              Turns: 15388, Time: 00:45:35

Health: -5/94      AC: 18    Str: 21    XL:     11   Next: 38%
Magic:  23/23      EV:  6    Int: 12    God:
Gold:   917        SH:  4    Dex: 19    Spells: 21/21 levels left

rFire   . . .      SeeInvis .    b - +1 dagger (venom)
rCold   . . .      Faith    .    A - +0 buckler
rNeg    . . .      Spirit   .    q - +0 plate armour
rPois   .          Reflect  .    K - +0 helmet
rElec   .          Harm     .    F - +0 cloak
rCorr   .          Rampage  .    J - +0 pair of gloves "Lagimef" {Stlth+}
Will    +....                    i - +0 pair of boots
Stlth   ..........               W - amulet of regeneration
HPRegen 1.15/turn                j - +4 ring of protection
MPRegen 0.18/turn                v - ring of flight

@: flying
A: high MP 1, forlorn, divine attributes
a: no special abilities


You were on level 1 of the Orcish Mines.
You visited 2 branches of the dungeon, and saw 12 of its levels.

You collected 917 gold pieces.

Inventory:

Hand Weapons
 a - a +2 long sword
 b - a +1 dagger of venom (weapon)
Missiles
 P - 20 poisoned darts (quivered)
Armour
 i - a +0 pair of boots (worn)
 q - a +0 plate armour (worn)
 A - a +0 buckler (worn)
 F - a +0 cloak (worn)
 J - the +0 pair of gloves "Lagimef" (worn) {Stlth+}
   (You found it on level 5 of the Dungeon)

   Stlth:     It makes you more stealthy.
 K - a +0 helmet (worn)
Jewellery
 j - a +4 ring of protection (left hand)
 o - a +6 ring of intelligence
 v - a ring of flight (right hand)
 G - a ring of poison resistance
 W - an amulet of regeneration (around neck)
 Z - a ring of fire
Wands
 g - a wand of digging (2)
 h - a wand of quicksilver (5)
 M - a wand of flame (16)
 V - a wand of mindburst (16)
 Y - a wand of paralysis (12)
Scrolls
 c - a scroll of fog
 d - 2 scrolls of magic mapping
 f - 3 scrolls of blinking {unknown}
 m - 5 scrolls of enchant armour {unknown}
 n - 4 scrolls of fear
 p - a scroll of immolation
 u - 5 scrolls of teleportation {unknown}
 x - 2 scrolls of silence
 y - 2 scrolls of poison
 D - a scroll of vulnerability
 I - 3 scrolls of enchant weapon
 L - a scroll of summoning
 O - 2 scrolls of torment
 X - a scroll of butterflies
Potions
 e - 3 potions of curing {unknown}
 k - a potion of lignification {unknown}
 l - 2 potions of haste
 r - a potion of ambrosia {unknown}
 s - 2 potions of resistance {unknown}
 w - a potion of experience {unknown}
 B - a potion of mutation {unknown}
 C - 2 potions of invisibility {unknown}
 H - 2 potions of brilliance
 N - 4 potions of berserk rage {unknown}
 Q - a potion of magic {unknown}
 T - 2 potions of attraction {unknown}
 U - 2 potions of flight {unknown}
Miscellaneous
 E - a phantom mirror
 R - a condenser vane
 S - a tin of tremorstones (2/2)


   Skills:
 + Level 8.3 Fighting
 - Level 1.7(9.2) Short Blades
 - Level 13.9(14.0) Long Blades
 - Level 1.7 Dodging
 - Level 4.5 Stealth
 + Level 5.7 Spellcasting


You had 21 spell levels left.
You didn't know any spells.
Your spell library contained the following spells:

 Spells                   Type           Power      Damage    Failure   Level
 Apportation              Tloc           6%         N/A       100%        1
 Necrotise                Necr           12%        1d4       100%        1
 Summon Small Mammal      Summ           12%        N/A       100%        1
 Sublimation of Blood     Necr           3%         N/A       100%        2
 Wereblood                Tmut           3%         N/A       100%        2
 Alistair's Intoxication  Tmut/Pois      2%         N/A       100%        5
 Summon Hydra             Summ           1%         N/A       100%        7


Dungeon Overview and Level Annotations

Branches:
Dungeon (11/15)            Temple (0/1) D:7            Lair (0/5) D:9
    Orc (1/2) D:11

Annotations:
D:5 Eustachio
D:10 1 runed translucent door, billz999's ghost, journeyman OgAE
Orc:1 Urug


Innate Abilities, Weirdness & Mutations

You have an increased reservoir of magic. (+10% MP)
You shall have no god before yourself.
Your divine heritage dramatically boosts your attributes as you level up.


Message History

Aim: Urug, wielding a +5 vorpal great mace, wearing a +0 scale mail and quivering silver javelins (moderately wounded, poisoned, chance to affect: 47%) Urug resists with some effort.
Unknown command.
Unknown command.
You barely miss Urug.
Urug is moderately wounded.
Urug hits you with a +5 vorpal great mace!!
Your +1 dagger of venom begins to drip with poison!
b - a +1 dagger of venom (weapon)
You hit Urug but do no damage.
Urug looks even sicker.
Urug is moderately wounded.
Urug hits you with a +5 vorpal great mace!
* * * LOW HITPOINT WARNING * * *
x2 Unknown command.
Unknown command.
As you read the scroll of fear, it crumbles to dust.
You assume a fearsome visage.
Urug looks frightened!
Unknown command.
You feel much better.
Unknown command.
Unknown command.
Unknown command.
Okay, then.
Urug gives up.
Urug seems to regain her courage.
Urug throws a silver javelin.
The silver javelin pierces through you!
Urug hits you with a +5 vorpal great mace.
You hit Urug but do no damage.
Urug looks even sicker.
Urug is moderately wounded.
You closely miss Urug.
Urug is moderately wounded.
Urug hits you with a +5 vorpal great mace!!
* * * LOW HITPOINT WARNING * * *
x2 Unknown command.
Unknown command.
Unknown command.
You hit Urug but do no damage.
Urug looks as sick as possible!
Urug is moderately wounded.
Urug hits you with a +5 vorpal great mace!
You die...

#.. ####### ##.
##.##..## ## ###
#.......# ##.##
###.#...# #...###......#
### #...#.......#### #
.##...#..............#.#
......o@...........†....
.##...##.#...........#.#
### #.##....(.....## #
.......(........# #
........(.....#.####
#.........##...#...##
#..............#......
..............###.....
..#.........#.....


You could see Urug (extremely poisoned).

Vanquished Creatures
  Harold (D:9)
  A two-headed ogre (D:8)
  Amaemon (D:9)
  An orange demon (D:8)
  A gargoyle (D:11)
  A komodo dragon (D:9)
  A kobold demonologist (D:10)
  An unseen horror (D:11)
  2 trolls
  Grinder (D:5)
  A spriggan (shapeshifter) (D:11)
  2 wraiths
  13 yaks
  3 water elementals
  3 wyverns
  2 vampire mosquitoes (D:11)
  A warg (Orc:1)
  An acid dragon (D:11)
  Duvessa (D:7)
  2 black bears (D:5)
  A sky beast (D:5)
  10 orc warriors
  An ogre (D:6)
  7 centaurs
  A phantom (D:5)
  2 kobold brigands
  4 necrophages
  A gnoll sergeant (D:8)
  2 bullfrogs
  A scorpion (D:6)
  10 wights (D:8)
  Dowan (D:7)
  13 killer bees
  2 howler monkeys (D:10)
  4 electric eels (D:11)
  4 hounds
  9 orc priests
  A jelly (D:8)
  19 orc wizards
  Natasha (thrice) (D:2)
  2 iguanas
  5 adders
  9 gnolls
  2 shadow imps
  A white imp (D:7)
  2 ufetubi
  A worm (D:5)
  3 dart slugs
  40 orcs
  6 ball pythons
  8 endoplasms
  2 giant cockroaches
  4 goblins
  5 hobgoblins
  10 jackals
  4 quokkas
  8 bats
  11 kobolds
  3 rats
262 creatures vanquished.

Vanquished Creatures (collateral kills)
  2 orcs (D:11)
2 creatures vanquished.

Vanquished Creatures (others)
  A human (D:7)
  An orc (D:11)
  8 plants
10 creatures vanquished.

Grand Total: 274 creatures vanquished

Notes
Turn   | Place    | Note
-------+----------+-------------------------------------------
     0 | D:5      | drugrobin the Demigod Delver began the quest for the Orb.
     0 | D:5      | Reached XP level 1. HP: 18/18 MP: 3/3
    40 | D:5      | Noticed an iguana
   253 | D:4      | Reached XP level 2. HP: 26/26 MP: 4/4
   292 | D:4      | HP: 1/26 [hound (2)]
   586 | D:3      | HP: 1/26 [gnoll/+0 flail (8)]
   880 | D:4      | Noticed an ogre
  1011 | D:3      | Reached skill level 1 in Long Blades
  1362 | D:2      | Reached XP level 3. HP: 24/31 MP: 5/5
  1496 | D:2      | Noticed Natasha
  1518 | D:2      | Killed Natasha
  1867 | D:1      | Reached skill level 2 in Long Blades
  1895 | D:1      | Reached XP level 4. HP: 40/40 MP: 6/6
  2766 | D:2      | Noticed Natasha
  2782 | D:2      | Killed Natasha
  2817 | D:2      | Noticed Natasha
  2838 | D:2      | Killed Natasha
  3173 | D:3      | Reached XP level 5. HP: 47/47 MP: 7/7
  3379 | D:3      | Reached skill level 3 in Long Blades
  4170 | D:4      | Reached skill level 5 in Fighting
  4349 | D:5      | Noticed Eustachio
  4389 | D:6      | Noticed a sky beast
  4572 | D:5      | Reached XP level 6. HP: 56/56 MP: 8/8
  4601 | D:5      | Reached skill level 4 in Long Blades
  4744 | D:5      | Identified the +0 pair of gloves "Lagimef" {Stlth+}
  4845 | D:5      | Noticed Grinder
  5233 | D:5      | Reached skill level 5 in Long Blades
  5526 | D:5      | Reached XP level 7. HP: 26/61 MP: 9/9
  5699 | D:5      | Reached skill level 6 in Long Blades
  5757 | D:5      | Paralysed by Grinder for 4 turns
  5820 | D:5      | Paralysed by Grinder for 4 turns
  5839 | D:5      | Killed Grinder
  5840 | D:5      | Reached skill level 7 in Long Blades
  6566 | D:6      | Reached skill level 8 in Long Blades
  6566 | D:6      | Reached XP level 8. HP: 54/68 MP: 10/10
  6939 | D:6      | Reached skill level 9 in Long Blades
  8029 | D:6      | Reached skill level 10 in Long Blades
  8162 | D:7      | Noticed Dowan
  8163 | D:7      | Noticed Duvessa
  8181 | D:7      | Killed Dowan
  8255 | D:7      | Identified the +9 quarterstaff of Pandemonium {vorpal, rF+
                  | SInv}
  8295 | D:7      | Killed Duvessa
  8296 | D:7      | Reached XP level 9. HP: 25/74 MP: 11/11
  8767 | D:7      | Found a staircase to the Ecumenical Temple.
  8916 | D:7      | Reached skill level 11 in Long Blades
  9547 | D:8      | Reached skill level 12 in Long Blades
 10082 | D:8      | Noticed a two-headed ogre
 10704 | D:8      | Reached skill level 13 in Long Blades
 10704 | D:8      | Reached XP level 10. HP: 31/81 MP: 13/13
 11097 | D:9      | Noticed Harold
 11116 | D:9      | Killed Harold
 11756 | D:9      | Found a staircase to the Lair.
 11776 | D:9      | Reached skill level 1 in Spellcasting
 11949 | D:9      | Noticed Amaemon
 12212 | D:8      | Killed a two-headed ogre
 12276 | D:9      | Killed Amaemon
 12378 | D:10     | Entered Level 10 of the Dungeon
 13088 | D:10     | Noticed billz999's ghost (journeyman OgAE)
 13089 | D:10     | Found a runed translucent door.
 13157 | D:10     | Reached XP level 11. HP: 74/91 MP: 15/20
 13251 | D:10     | Noticed a fire dragon
 13558 | D:10     | HP: 4/92 [water elemental (9)]
 14509 | D:11     | Reached skill level 5 in Spellcasting
 15125 | D:11     | Found a staircase to the Orcish Mines.
 15134 | Orc:1    | Entered Level 1 of the Orcish Mines
 15357 | Orc:1    | Noticed Urug
 15387 | Orc:1    | HP: 4/94 [Urug/+5 vorpal great mace (9)]
 15388 | Orc:1    | Slain by Urug

Illustrated notes

Levels and vault maps discovered:
D:1:      dpeg_arrival_short_road, layout_basic,
          hellmonk_ecumenical_altar_heavens_door
D:2:      layout_basic, uniq_natasha
D:3:      layout_rooms, mainiacjoe_overflow_chevrons, dk_noncrumbling_3
D:4:      layout_gridville, chequers_serial_rivers_small_3,
          serial_bayou_crossing
D:5:      black_bear_nest_2, layout_basic, mainiacjoe_overflow_tiny_flanked,
          uniq_grinder, uniq_eustachio
D:6:      layout_gridville, nicolae_ru_path_of_blood, roderic_lattice_a,
          due_unseen_surprise
D:7:      layout_loops_cross, mainiacjoe_overflow_alcove_1,
          ashenzari_conservatory_becter, tgw_kikubaaqudgha,
          minmay_temple_entry_proselytizer, uniq_duvessa
D:8:      layout_basic
D:9:      layout_gridville, nicolae_wu_jian_wuxing_cycle, kennysheep_mini_moat,
          david_lair_shrubbed, uniq_harold, uniq_amaemon
D:10:     layout_basic, nicolae_overflow_hidden_temple, hellmonk_ghost_big_iron,
          minivault_10, grunt_ministairs_14
D:11:     layout_basic, erik_orc_2, kennysheep_minor_cross,
          nicolae_gozag_seed_capital
Orc:1:    layout_caves, lightli_orcish_oven, uniq_urug

Skill      XL: |  1  2  3  4  5  6  7  8  9 10 11 |
---------------+----------------------------------+-----
Fighting       | 3 4 5 6 8 |  8.3
Long Blades    | 1 2 3 5 8 10 13 | 13.9
Spellcasting   | 4 5 |  5.7
Short Blades   | |  1.7
Dodging        | |  1.7
Stealth        | |  4.5

Action                   |  1- 3 |  4- 6 |  7- 9 | 10-12 || total
-------------------------+-------+-------+-------+-------++-------
Melee: Short sword       |   200 |   258 |       |       ||   458
       Punch             |     2 |       |       |       ||     2
       Falchion          |       |   117 |   181 |       ||   298
       Dagger            |       |       |    84 |   179 ||   263
       Long sword        |       |       |   275 |   325 ||   600
 Fire: Sling             |       |       |     2 |       ||     2
Throw: Dart              |     8 |    16 |    12 |    19 ||    55
       Stone             |     1 |       |     5 |       ||     6
       Throwing net      |       |       |       |     1 ||     1
Evoke: Wand              |       |       |     5 |    12 ||    17
  Use: Potion            |     2 |       |       |     5 ||     7
       Scroll            |     1 |       |     1 |    10 ||    12
 Stab: Sleeping          |     4 |       |       |       ||     4
       Paralysed         |       |       |       |     4 ||     4
       Held in net/web   |       |       |       |     3 ||     3
Armor: Leather armour    |    29 |       |       |       ||    29
       Plate armour      |    62 |   292 |   362 |   210 ||   926
Dodge: Dodged            |    72 |    58 |   133 |    92 ||   355
Block: Buckler           |     2 |    60 |    76 |    60 ||   198

Table legend: (Time is in decaauts)
 A = Elapsed time spent in this place.
 B = Non-inter-level travel time spent in this place.
 C = Inter-level travel time spent in this place.
 D = Time resting spent in this place.
 E = Time spent auto-exploring this place.
 F = Levels seen in this place.
 G = Mean time per level.
                   A        B        C        D        E       F      G
               +--------+--------+--------+--------+--------+-----+--------+
         Total |  15191 |  14487 |    704 |   3534 |   6177 |  12 | 1265.9 |
       Dungeon |  14945 |  14241 |    704 |   3508 |   6024 |  11 | 1358.6 |
  Orcish Mines |    245 |    245 |      0 |     26 |    153 |   1 |  245.0 |
               +--------+--------+--------+--------+--------+-----+--------+

Top non-repeatable levels by time:
     D:5: 2207 daAuts
     D:8: 1670 daAuts
     D:6: 1664 daAuts
    D:10: 1597 daAuts
     D:7: 1451 daAuts
     D:9: 1208 daAuts
     D:4: 1171 daAuts
     D:2: 1071 daAuts
     D:1: 1040 daAuts
    D:11: 1022 daAuts
     D:3: 841 daAuts
   Orc:1: 245 daAuts
